Map: Pillars of Gold LE

Players

ShaDoWn - Winner!

  • Race: Protoss Protoss
  • Spawn Location: 7:00

Ziggy

  • Race: Terran Terran
  • League: Grandmaster
  • Spawn Location: 1:00

Event: DreamHack SC2 Masters 2020 Summer Europe

VOD

Have the link to the VOD?

Description

Time

  • Played on: June 30, 2020, 1:04 p.m.
  • Length: 10:20

All games in this series

Show
View Real Time Build Order
Export as new Build Order

ShaDoWn Protoss - Winner!

Build Orders: 1 Gate Expand, Blink Stalkers, Colossus Rush 

Get SALT Encoding   

  12  0:00  Probe  
  13  0:13  Probe  
  14  0:18  Pylon  
  14  0:25  Probe  
  15  0:34  Probe  
  15  0:36  Gateway  
  15  0:42  Probe  
  16  0:47  Assimilator  
  17  0:52  Probe  
  18  1:04  Probe  
  19  1:16  Probe  
  20  1:26  Nexus  
  20  1:35  Cybernetics Core  
  20  1:39  Probe  
  21  1:43  Assimilator  
  21  1:51  Probe  
  22  1:54  Pylon  
  22  2:02  Adept  
  22  2:03  Probe  
  23  2:11  Warp Gate  
  23  2:15  Probe  
  26  2:27  Probe  
  27  2:32  Stalker  
  28  2:39  Probe  
  28  2:42  Probe  
  30  2:47  Probe  
  30  2:50  Twilight Council, Probe  
  30  2:55  Probe  
  30  2:58  Probe  
  34  3:05  Probe  
  34  3:09  Probe  
  34  3:12  Gateway  
  36  3:16  Sentry  
  36  3:17  Blink, Probe  
  39  3:22  Probe  
  40  3:30  Probe  
  40  3:34  Probe  
  42  3:37  Pylon  
  42  3:42  Probe  
  42  3:43  Robotics Facility  
  42  3:44  Probe  
  44  3:49  Assimilator  
  44  3:53  Probe  
  44  3:54  Probe  
  44  3:55  Assimilator  
  45  4:01  Probe  
  46  4:06  Probe  
  46  4:07  Stalker  
  46  4:08  Pylon  
  46  4:09  Stalker  
  52  4:12  Probe  
  53  4:18  Probe  
  53  4:23  Pylon  
  54  4:26  Shield Battery, Probe  
  54  4:30  Observer  
  56  4:33  Robotics Bay, Probe  
  57  4:40  Stalker x2  
  61  4:46  Immortal  
  61  4:48  Forge  
  61  4:50  Pylon  
  65  5:07  Pylon  
  65  5:08  Colossus  
  65  5:15  Sentry  
  65  5:16  Stalker  
  69  5:22  Pylon  
  69  5:26  Protoss Ground Weapons Level 1  
  75  5:41  Extended Thermal Lance  
  75  5:48  Nexus  
  75  5:50  Pylon  
  75  5:51  Sentry, Zealot  
  75  5:53  Colossus  
  79  6:05  Gateway  
  79  6:10  Shield Battery  
  85  6:16  Stalker x2  
  85  6:17  Probe  
  90  6:27  Probe  
  91  6:33  Pylon  
  91  6:36  Colossus  
  88  6:43  Probe x2  
  94  6:49  Gateway, Sentry  
  96  6:55  Probe  
  96  6:56  Probe  
  98  7:01  Sentry  
  98  7:02  Stalker  
  98  7:06  Probe  
  98  7:07  Probe  
  104  7:09  Gateway  
  104  7:10  Gateway  
  104  7:13  Stalker  
  104  7:15  Probe  
  107  7:18  Charge  
  105  7:28  Stalker x2  
  107  7:30  Probe  
  107  7:33  Warp Prism  
  107  7:36  Probe  
  108  7:37  Probe  
  108  7:41  Stalker  
  112  7:45  Probe  
  99  7:58  Probe  
  99  8:00  Probe  
  99  8:05  Stalker x3, Probe  
  98  8:06  Stalker x3, Colossus  
  98  8:09  Assimilator x2  
  116  8:20  Probe  
  117  8:29  Gateway  
  117  8:30  Gateway  
  117  8:36  Zealot x4  
  117  8:40  Pylon  
  125  8:50  Pylon  
  125  8:56  Templar Archives, Pylon  
  125  8:58  Pylon  
  125  9:05  Zealot x4  
  133  9:12  Pylon  
  133  9:17  Zealot x2  
  135  9:18  Pylon  
  135  9:20  Gateway  
  137  9:26  Pylon  
  137  9:32  High Templar x4, Zealot  
  137  9:33  Zealot  
  137  9:35  Archon  
  137  9:36  Archon  
  149  9:41  Nexus  
  149  9:47  Zealot x2  
  153  10:04  Probe  
  153  10:06  Probe  
  142  10:15  Zealot x6  
Show
View Real Time Build Order
Export as new Build Order

Ziggy Terran 

Build Orders: Reaper Expand 

Get SALT Encoding   

  12  0:00  SCV  
  13  0:12  SCV  
  14  0:17  Supply Depot  
  14  0:25  SCV  
  15  0:39  SCV, Barracks  
  16  0:44  Refinery  
  16  0:51  SCV  
  17  1:03  SCV  
  18  1:15  SCV  
  19  1:27  Reaper  
  19  1:28  Orbital Command  
  20  1:47  Command Center  
  20  1:55  Supply Depot, SCV  
  20  1:58  Marine  
  22  2:07  SCV  
  23  2:12  Barracks  
  23  2:17  Barracks Reactor  
  23  2:20  SCV  
  24  2:27  Barracks  
  24  2:32  SCV  
  25  2:44  SCV  
  26  2:49  Engineering Bay  
  26  2:53  Marine x2  
  26  2:56  SCV  
  29  2:59  Orbital Command  
  29  3:00  Barracks Tech Lab  
  29  3:08  SCV  
  29  3:11  Marine x2  
  32  3:15  Barracks Tech Lab  
  32  3:19  Stimpack, Marine  
  33  3:20  SCV  
  33  3:25  Terran Infantry Weapons Level 1  
  35  3:27  SCV  
  35  3:32  Marine x2, SCV  
  38  3:38  Marine x2  
  38  3:39  SCV  
  41  3:43  Supply Depot  
  41  3:44  SCV  
  42  3:50  Marine x2  
  42  3:51  SCV  
  45  3:56  Marine  
  45  4:00  Supply Depot, SCV  
  45  4:02  Combat Shield  
  46  4:05  Marauder, SCV  
  46  4:07  Supply Depot  
  46  4:09  Marine x2  
  51  4:12  SCV  
  52  4:17  SCV  
  52  4:22  Marauder  
  55  4:27  Marauder, Marine x2  
  59  4:31  SCV  
  59  4:33  SCV  
  59  4:37  Supply Depot  
  59  4:38  Refinery x2  
  61  4:42  Marine  
  61  4:43  SCV  
  61  4:44  Marine  
  61  4:45  Marine  
  65  4:47  SCV  
  65  4:48  Supply Depot  
  66  4:58  SCV  
  66  4:59  Factory  
  67  5:04  Marine x4, SCV  
  71  5:10  SCV, Missile Turret  
  68  5:15  Concussive Shells  
  68  5:16  SCV  
  69  5:22  Marauder x2, SCV  
  69  5:26  Terran Infantry Armor Level 1  
  69  5:28  SCV  
  73  5:36  SCV  
  73  5:38  Marine x2  
  73  5:41  SCV  
  77  5:42  Supply Depot  
  77  5:45  Starport, Factory Reactor  
  77  5:54  Command Center  
  81  5:57  Marauder x2  
  81  5:59  Refinery  
  81  6:00  SCV  
  81  6:01  SCV  
  83  6:05  Supply Depot  
  83  6:09  Supply Depot  
  83  6:13  SCV  
  83  6:17  Marine x2, SCV  
  83  6:18  Marauder x2  
  83  6:28  Medivac  
  83  6:30  Armory  
  83  6:31  SCV  
  83  6:32  Engineering Bay, SCV, Medivac  
  89  6:35  Marine x2  
  84  6:43  Marauder x2  
  84  6:44  SCV, Factory Reactor  
  84  6:46  SCV  
  84  6:54  Barracks  
  84  6:55  Barracks  
  84  6:56  SCV, Missile Turret  
  84  6:58  SCV, Missile Turret  
  86  7:02  Medivac x2  
  86  7:04  Marine x2  
  86  7:08  SCV  
  93  7:10  SCV  
  93  7:14  Marauder  
  93  7:15  Marauder  
  98  7:20  SCV  
  99  7:23  Marine x2, SCV  
  100  7:36  Marauder x2, SCV  
  91  7:40  SCV  
  91  7:41  Marine x3  
  94  7:49  Marine  
  93  7:57  Marauder  
  93  7:58  Marauder  
  76  7:59  Marine x2  
  76  8:03  Marine  
  76  8:04  SCV  
  64  8:09  SCV  
  65  8:17  Viking x2  
  65  8:18  Marauder, SCV x2  
  65  8:19  Marauder  
  74  8:21  Marine  
  74  8:22  Marine  
  74  8:24  SCV  
  77  8:30  Orbital Command, SCV  
  77  8:33  Barracks Tech Lab  
  78  8:40  Marauder  
  82  8:48  Medivac x2  
  84  8:49  Marine  
  84  8:54  Marauder, Marine  
  88  9:01  SCV x2  
  88  9:02  Marine  
  93  9:03  Marauder  
  93  9:12  Marine  
  93  9:13  SCV x2  
  93  9:15  Orbital Command  
  93  9:16  Marauder  
  98  9:20  Marauder  
  98  9:21  Marine  
  98  9:23  Marine  
  102  9:24  Medivac  
  102  9:25  SCV x2  
  102  9:26  Medivac  
  108  9:37  Marauder, SCV x2  
  112  9:41  SCV  
  112  9:43  Marine x2, Widow Mine  
  112  9:44  Widow Mine  
  119  9:49  SCV x2  
  119  9:51  Sensor Tower  
  119  9:52  Marine x2  
  123  9:59  Marine  
Tags
 
Add a new tag
Caveats
  • Supply blocks, unpowered buildings, or Contaminate may cause inaccurate times.
  • Supply counts are checked every 10 seconds.